APP
DANVILLE BRAVES @ GRAND JUNCTION ROCKIES
06/23/2044
 
TOP OF THE 1ST
Danville Braves batting - Pitching for Grand Junction Rockies : LHP Kyle Mearkle
Pitching: LHP Kyle Mearkle
Batting: SHB Ian Arlotta 0-0: Called Strike
0-1: Called Strike
0-2: Ball
1-2: Ball
2-2: Strikes out swinging
Batting: LHB Oke Monti 0-0: Ball
1-0: Foul Ball, location: 2F
1-1: Ball
2-1: DOUBLE (Line Drive, 78D, EV 101.3 MPH)
Batting: LHB Alexis Cantu 0-0: Ball
1-0: SINGLE (Line Drive, 89M, EV 107.5 MPH)
Oke Monti to third
Batting: RHB Jose Ramos 0-0: Ball
1-0: Fly out, F8 (Line Drive, 8LD, EV 90.6 MPH)
Runner from 3rd tags up, SCORES, no throw by CF
Batting: SHB Gabriel Cruz 0-0: Ball
1-0: Fly out, F9 (Flyball, 9, EV 95.0 MPH)
Top of the 1st over - 1 run, 2 hits, 0 errors, 1 left on base; Danville 1 - Grand Junction 0
BOTTOM OF THE 1ST
Grand Junction Rockies batting - Pitching for Danville Braves : RHP Rick Grenfell
Pitching: RHP Rick Grenfell
Batting: RHB Juan Figueroa 0-0: Ball
1-0: Ground out 6-3 (Groundball, 6, EV 79.4 MPH)
Batting: LHB Zack Guillen 0-0: Ball
1-0: Called Strike
1-1: Ground out 4-3 (Groundball, 34, EV 105.6 MPH)
Batting: RHB Henry Alvizo 0-0: Called Strike
0-1: Swinging Strike
0-2: Foul Ball, location: 2F
0-2: Ball
1-2: Foul Ball, location: 2F
1-2: SINGLE (Line Drive, 8LS, EV 95.0 MPH)
Batting: RHB John Boyer 0-0: Called Strike
0-1: Called Strike
Henry Alvizo steals 2nd base
0-2: Ball
1-2: Fly out, F9 (Flyball, 9D, EV 91.3 MPH)
Bottom of the 1st over - 0 runs, 1 hit, 0 errors, 1 left on base; Danville 1 - Grand Junction 0
TOP OF THE 2ND
Danville Braves batting - Pitching for Grand Junction Rockies : LHP Kyle Mearkle
Batting: RHB Yojiro Hayashi 0-0: Called Strike
0-1: Swinging Strike
0-2: Strikes out looking
Batting: RHB Ingidayehu Lagat 0-0: SINGLE (Groundball, 4MD, EV 105.0 MPH)
Batting: RHB Armando Moz 0-0: Ball
1-0: Called Strike
1-1: Swinging Strike
1-2: Strikes out looking
Batting: RHB Gerard Michel 0-0: Ball
1-0: Called Strike
1-1: Foul Ball, location: 2F
1-2: Foul Ball, location: 2F
1-2: Ball
2-2: 2-RUN HOME RUN (Flyball, 78XD, EV 110.6 MPH), Distance : 441 ft
Batting: SHB Ian Arlotta 0-0: Ball
1-0: Ball
2-0: Ball
3-0: Called Strike
3-1: SINGLE (Groundball, 56S, EV 70.0 MPH) (infield hit)
Batting: LHB Oke Monti 0-0: Ball
Ian Arlotta steals 2nd base
1-0: Called Strike
1-1: Ball
2-1: Ground out 1-3 (Groundball, 13S, EV 71.3 MPH)
Top of the 2nd over - 2 runs, 3 hits, 0 errors, 1 left on base; Danville 3 - Grand Junction 0
BOTTOM OF THE 2ND
Grand Junction Rockies batting - Pitching for Danville Braves : RHP Rick Grenfell
Batting: LHB Chris Salim 0-0: SINGLE (Flyball, 6D, EV 86.9 MPH)
Batting: RHB Willis Morales 0-0: Ball
1-0: Fly out, F8 (Flyball, 8RXD, EV 91.3 MPH)
Batting: SHB Jeff Sorrels 0-0: Called Strike
0-1: Ball
1-1: Foul Ball, location: 2F
1-2: Ball
2-2: Fielders Choice at 2nd, 4-6 (Groundball, 34, EV 105.6 MPH)
Batting: RHB Zakhar Edelman 0-0: Ball
1-0: Ball
2-0: SINGLE (Line Drive, 89S, EV 107.5 MPH)
Jeff Sorrels to second
Batting: RHB Yamashita Yagi 0-0: Ball
1-0: Ball
2-0: Called Strike
2-1: Ball
3-1: Base on Balls
Jeff Sorrels to third
Zakhar Edelman to second
Batting: RHB Juan Figueroa 0-0: Foul Ball, location: 2F
0-1: Ball
1-1: Called Strike
1-2: Fly out, F9 (Flyball, 9LM, EV 80.0 MPH)
Bottom of the 2nd over - 0 runs, 2 hits, 0 errors, 3 left on base; Danville 3 - Grand Junction 0
TOP OF THE 3RD
Danville Braves batting - Pitching for Grand Junction Rockies : LHP Kyle Mearkle
Pitching: RHP Jim Micaletti
Batting: LHB Alexis Cantu 0-0: Foul Ball, location: 2F
0-1: SINGLE (Groundball, 4MD, EV 104.4 MPH)
Batting: RHB Jose Ramos 0-0: Ball
1-0: Ball
2-0: Ball
3-0: Base on Balls
Alexis Cantu to second
Batting: SHB Gabriel Cruz 0-0: SINGLE (Flyball, 8RS, EV 96.9 MPH)
Alexis Cantu to third
Jose Ramos to second
Runner from 3rd tries for Home, throw by CF and OUT! 8-2
Batting: RHB Yojiro Hayashi 0-0: Ball
1-0: Ball
2-0: SINGLE (Flyball, 56D, EV 93.1 MPH)
Jose Ramos to third
Gabriel Cruz to second
Batting: RHB Ingidayehu Lagat 0-0: GRAND SLAM HOME RUN (Flyball, 7D, EV 96.9 MPH), Distance : 372 ft
Batting: RHB Armando Moz 0-0: Ball
1-0: Ball
2-0: Called Strike
2-1: Ball
3-1: Foul Ball, location: 2F
3-2: Base on Balls
Batting: RHB Gerard Michel 0-0: Ball
1-0: Ball
2-0: Called Strike
2-1: Ball
3-1: Base on Balls
Armando Moz to second
Batting: SHB Ian Arlotta 0-0: Ball
1-0: Foul Ball, location: 2F
1-1: Ball
2-1: Foul Ball, location: 2F
2-2: Ball
3-2: Base on Balls
Armando Moz to third
Gerard Michel to second
Batting: LHB Oke Monti 0-0: Ball
1-0: Foul Ball, location: 2F
1-1: Ball
2-1: Foul Ball, location: 2F
2-2: Ball
3-2: Grounds into double play, 4-6-3 (Groundball, 34D, EV 82.5 MPH)
Top of the 3rd over - 4 runs, 4 hits, 0 errors, 2 left on base; Danville 7 - Grand Junction 0
BOTTOM OF THE 3RD
Grand Junction Rockies batting - Pitching for Danville Braves : RHP Rick Grenfell
Batting: LHB Zack Guillen 0-0: Called Strike
0-1: Foul Ball, location: 2F
0-2: Ball
1-2: Ball
2-2: SINGLE (Groundball, 34D, EV 104.4 MPH)
Batting: RHB Henry Alvizo 0-0: Called Strike
Zack Guillen is caught stealing 2nd base 2-4
0-1: Foul Ball, location: 2F
0-2: Ball
1-2: Ball
2-2: Ball
3-2: Base on Balls
Batting: RHB John Boyer 0-0: Called Strike
0-1: Called Strike
0-2: Fielders Choice at 2nd, 4-6 (Groundball, 34, EV 107.5 MPH)
Batting: LHB Chris Salim 0-0: Called Strike
0-1: Ball
1-1: Ball
2-1: Ball
3-1: Foul Ball, location: 2F
3-2: Fly out, F9 (Flyball, 89M, EV 95.0 MPH)
Bottom of the 3rd over - 0 runs, 1 hit, 0 errors, 1 left on base; Danville 7 - Grand Junction 0
TOP OF THE 4TH
Danville Braves batting - Pitching for Grand Junction Rockies : RHP Jim Micaletti
Batting: LHB Alexis Cantu 0-0: Swinging Strike
0-1: Foul Ball, location: 2F
0-2: Ball
1-2: Ball
2-2: Strikes out swinging
Batting: RHB Jose Ramos 0-0: Called Strike
0-1: SOLO HOME RUN (Flyball, 7LD, EV 93.1 MPH), Distance : 350 ft
Batting: SHB Gabriel Cruz 0-0: Ball
1-0: Ball
2-0: Foul Ball, location: 2F
2-1: Called Strike
2-2: Ball
3-2: Foul Ball, location: 2F
3-2: Base on Balls
Batting: RHB Yojiro Hayashi 0-0: 2-RUN HOME RUN (Flyball, 7D, EV 96.3 MPH), Distance : 385 ft
Pitching: RHP Andy Rayer
Batting: RHB Ingidayehu Lagat 0-0: Ball
1-0: Called Strike
1-1: Ball
2-1: Ground out 6-3 (Groundball, 6, EV 105.6 MPH)
Batting: RHB Armando Moz 0-0: Ball
1-0: Called Strike
1-1: Fly out, F9 (Line Drive, 9, EV 99.4 MPH)
Top of the 4th over - 3 runs, 2 hits, 0 errors, 0 left on base; Danville 10 - Grand Junction 0
BOTTOM OF THE 4TH
Grand Junction Rockies batting - Pitching for Danville Braves : RHP Rick Grenfell
Batting: RHB Willis Morales 0-0: Ground out 5-3 (Groundball, 56, EV 80.6 MPH)
Batting: SHB Jeff Sorrels 0-0: Ball
1-0: Ball
2-0: Ball
3-0: Base on Balls
Batting: RHB Zakhar Edelman 0-0: Called Strike
0-1: Called Strike
0-2: Fly out, F4 (Popup, 34S, EV 76.9 MPH)
Batting: RHB Yamashita Yagi 0-0: Ball
1-0: Called Strike
1-1: Ball
2-1: Ground out 4-3 (Groundball, 4, EV 104.4 MPH)
Bottom of the 4th over - 0 runs, 0 hits, 0 errors, 1 left on base; Danville 10 - Grand Junction 0
TOP OF THE 5TH
Danville Braves batting - Pitching for Grand Junction Rockies : RHP Andy Rayer
Batting: RHB Gerard Michel 0-0: Ball
1-0: Ball
2-0: Ground out 5-3 (Groundball, 56, EV 88.1 MPH)
Batting: SHB Ian Arlotta 0-0: Ball
1-0: DOUBLE (Flyball, 8RXD, EV 89.4 MPH)
Batting: LHB Oke Monti Balk!
Ian Arlotta to third
Balk!
Ian Arlotta scores
0-0: Ball
1-0: Ball
2-0: Foul Ball, location: 2F
2-1: Foul Ball, location: 2F
2-2: Ball
3-2: Fly out, F8 (Flyball, 89D, EV 100.0 MPH)
Batting: LHB Alexis Cantu 0-0: Called Strike
0-1: Ball
1-1: Fly out, F6 (Flyball, 6MD, EV 86.9 MPH)
Top of the 5th over - 1 run, 1 hit, 0 errors, 0 left on base; Danville 11 - Grand Junction 0
BOTTOM OF THE 5TH
Grand Junction Rockies batting - Pitching for Danville Braves : RHP Rick Grenfell
Batting: RHB Juan Figueroa 0-0: Foul Ball, location: 2F
0-1: Foul Ball, location: 2F
0-2: Ball
1-2: Ball
2-2: Foul Ball, location: 2F
2-2: Foul Ball, location: 2F
2-2: Foul Ball, location: 2F
2-2: Ball
3-2: SINGLE (Groundball, 6MD, EV 102.5 MPH)
Batting: LHB Zack Guillen 0-0: Ball
1-0: Ball
2-0: Called Strike
2-1: Ball
3-1: Foul Ball, location: 2F
3-2: Base on Balls
Juan Figueroa to second
Batting: RHB Henry Alvizo 0-0: Called Strike
0-1: Foul Ball, location: 2F
0-2: Ball
1-2: Strikes out looking
Batting: RHB John Boyer 0-0: Ball
Juan Figueroa is caught stealing 3rd base 2-5
1-0: Ball
2-0: Foul Ball, location: 2F
2-1: Fly out, F7 (Flyball, 7, EV 78.1 MPH)
Bottom of the 5th over - 0 runs, 1 hit, 0 errors, 1 left on base; Danville 11 - Grand Junction 0
TOP OF THE 6TH
Danville Braves batting - Pitching for Grand Junction Rockies : RHP Andy Rayer
Batting: RHB Jose Ramos 0-0: Ball
1-0: Foul Ball, location: 2F
1-1: Ball
2-1: SINGLE (Groundball, 6MD, EV 95.0 MPH)
Batting: SHB Gabriel Cruz 0-0: Foul Ball, location: 2F
0-1: Foul Ball, location: 2F
0-2: Ball
1-2: Foul Ball, location: 2F
1-2: Fly out, F7 (Flyball, 78D, EV 92.5 MPH)
Batting: RHB Yojiro Hayashi 0-0: TRIPLE (Flyball, 8LXD, EV 100.6 MPH)
Jose Ramos scores
Batting: RHB Ingidayehu Lagat 0-0: Called Strike
0-1: DOUBLE (Groundball, 3L, EV 111.3 MPH)
Yojiro Hayashi scores
Batting: RHB Armando Moz 0-0: Swinging Strike
0-1: Called Strike
0-2: Foul Ball, location: 2F
0-2: 2-RUN HOME RUN (Flyball, 7LD, EV 96.9 MPH), Distance : 338 ft
Pitching: RHP Willie Benito
Batting: RHB Gerard Michel 0-0: Foul Ball, location: 2F
0-1: Foul Ball, location: 2F
0-2: Ball
1-2: Strikes out swinging
Batting: SHB Ian Arlotta 0-0: Hit by Pitch
Batting: LHB Oke Monti 0-0: Foul Ball, location: 2F
0-1: Ball
1-1: Foul Ball, location: 2F
1-2: Foul Ball, location: 2F
1-2: Ball
2-2: Hit by Pitch
Ian Arlotta to second
Batting: LHB Alexis Cantu 0-0: Called Strike
0-1: Swinging Strike
0-2: Ball
1-2: Ground out 5-3 (Groundball, 15, EV 79.4 MPH)
Top of the 6th over - 4 runs, 4 hits, 0 errors, 2 left on base; Danville 15 - Grand Junction 0
BOTTOM OF THE 6TH
Grand Junction Rockies batting - Pitching for Danville Braves : RHP Rick Grenfell
Batting: LHB Chris Salim 0-0: Called Strike
0-1: Ball
1-1: SINGLE (Groundball, 3D, EV 96.9 MPH)
Batting: RHB Willis Morales 0-0: Called Strike
0-1: Called Strike
0-2: Strikes out swinging
Batting: SHB Jeff Sorrels 0-0: Ball
1-0: Ground out U3 (Groundball, 3L, EV 98.1 MPH)
Chris Salim to second
Batting: RHB Zakhar Edelman 0-0: Swinging Strike
0-1: Ball
1-1: Ball
2-1: Called Strike
2-2: Strikes out swinging
Bottom of the 6th over - 0 runs, 1 hit, 0 errors, 1 left on base; Danville 15 - Grand Junction 0
TOP OF THE 7TH
Danville Braves batting - Pitching for Grand Junction Rockies : RHP Willie Benito
Batting: RHB Jose Ramos 0-0: Ball
1-0: Foul Ball, location: 2F
1-1: Ball
2-1: SOLO HOME RUN (Flyball, 8RXD, EV 116.9 MPH), Distance : 460 ft
Batting: SHB Gabriel Cruz 0-0: Called Strike
0-1: Fly out, F7 (Flyball, 78XD, EV 97.5 MPH)
Batting: RHB Yojiro Hayashi 0-0: Ball
1-0: Called Strike
1-1: Ball
2-1: SINGLE (Groundball, 6MD, EV 105.6 MPH)
Batting: RHB Ingidayehu Lagat 0-0: Called Strike
0-1: Ball
1-1: Reached on error, E5 (Groundball, 56S, EV 70.0 MPH)
Yojiro Hayashi to third
Batting: RHB Armando Moz 0-0: Called Strike
0-1: Ground out 4-3 (Groundball, 34, EV 103.8 MPH)
Yojiro Hayashi scores
Ingidayehu Lagat to third
Batting: RHB Gerard Michel 0-0: Reached on error, E6 (Groundball, 6M, EV 107.5 MPH)
Ingidayehu Lagat scores
Batting: SHB Ian Arlotta 0-0: Ball
1-0: DOUBLE (Line Drive, 89D, EV 109.4 MPH)
Gerard Michel to third
Runner from 3rd tries for Home, throw by RF and OUT! 9-4-2
Top of the 7th over - 3 runs, 3 hits, 2 errors, 1 left on base; Danville 18 - Grand Junction 0
BOTTOM OF THE 7TH
Grand Junction Rockies batting - Pitching for Danville Braves : RHP Rick Grenfell
Batting: RHB Yamashita Yagi 0-0: Called Strike
0-1: Swinging Strike
0-2: Ball
1-2: SINGLE (Groundball, 34D, EV 100.0 MPH)
Pinch Hitting: RHB Chris Osting 0-0: Ball
1-0: Ball
2-0: Ground out 6-3 (Groundball, P, EV 84.4 MPH)
Yamashita Yagi to second
Pitching: RHP Seriozha Darzinsh
Batting: LHB Zack Guillen 0-0: Called Strike
0-1: Foul Ball, location: 2F
0-2: Foul Ball, location: 2F
0-2: Ground out 3-1 (Groundball, 34, EV 98.1 MPH)
Yamashita Yagi to third
Batting: RHB Henry Alvizo 0-0: Called Strike
0-1: 2-RUN HOME RUN (Flyball, 7LD, EV 92.5 MPH), Distance : 347 ft
Batting: RHB John Boyer 0-0: Called Strike
0-1: Ball
1-1: Fly out, F9 (Flyball, 9D, EV 98.1 MPH)
Bottom of the 7th over - 2 runs, 2 hits, 0 errors, 0 left on base; Danville 18 - Grand Junction 2
TOP OF THE 8TH
Danville Braves batting - Pitching for Grand Junction Rockies : RHP Willie Benito
Now in RF: Chris Osting
Batting: LHB Oke Monti 0-0: Ball
1-0: Foul Ball, location: 2F
1-1: Foul Ball, location: 2F
1-2: Ground out 4-3 (Groundball, 4, EV 106.9 MPH)
Batting: LHB Alexis Cantu 0-0: Ball
1-0: Ball
2-0: Ball
3-0: Base on Balls
Batting: RHB Jose Ramos 0-0: Ball
1-0: Ball
2-0: Swinging Strike
2-1: Fielders Choice at 2nd, 3-6 (Groundball, 34, EV 84.4 MPH)
Pitching: LHP Jason Ryan
Batting: SHB Gabriel Cruz 0-0: Foul Ball, location: 2F
0-1: Ball
1-1: Swinging Strike
1-2: Strikes out swinging
Top of the 8th over - 0 runs, 0 hits, 0 errors, 1 left on base; Danville 18 - Grand Junction 2
BOTTOM OF THE 8TH
Grand Junction Rockies batting - Pitching for Danville Braves : RHP Seriozha Darzinsh
Batting: LHB Chris Salim 0-0: Ball
1-0: Called Strike
1-1: Called Strike
1-2: Strikes out swinging
Batting: RHB Willis Morales 0-0: Ball
1-0: Ball
2-0: Ball
3-0: Base on Balls
Batting: SHB Jeff Sorrels 0-0: Called Strike
0-1: Ball
1-1: Ball
2-1: Called Strike
2-2: Ground out 6-3 (Groundball, 56D, EV 83.1 MPH)
Willis Morales to second
Pinch Hitting: LHB Bill McGregor 0-0: Ball
1-0: Foul Ball, location: 2F
1-1: Ball
2-1: Swinging Strike
2-2: Foul Ball, location: 2F
2-2: SINGLE (Line Drive, 78S, EV 88.8 MPH)
Willis Morales to third
Batting: RHB Yamashita Yagi 0-0: Swinging Strike
0-1: Swinging Strike
0-2: Strikes out looking
Bottom of the 8th over - 0 runs, 1 hit, 0 errors, 2 left on base; Danville 18 - Grand Junction 2
TOP OF THE 9TH
Danville Braves batting - Pitching for Grand Junction Rockies : LHP Jason Ryan
Now in CF: Bill McGregor
Batting: RHB Yojiro Hayashi 0-0: Ball
1-0: Ball
2-0: Ball
3-0: Foul Ball, location: 2F
3-1: Base on Balls
Batting: RHB Ingidayehu Lagat 0-0: Swinging Strike
0-1: Fielders Choice at 2nd, 4-6 (Groundball, 4, EV 84.4 MPH)
Batting: RHB Armando Moz 0-0: Ball
1-0: Ball
2-0: Foul Ball, location: 2F
2-1: Grounds into double play, 5-4-3 (Groundball, 56S, EV 82.5 MPH)
Top of the 9th over - 0 runs, 0 hits, 0 errors, 0 left on base; Danville 18 - Grand Junction 2
BOTTOM OF THE 9TH
Grand Junction Rockies batting - Pitching for Danville Braves : RHP Seriozha Darzinsh
Batting: RHB Chris Osting 0-0: Foul Ball, location: 2F
0-1: Ball
1-1: Ball
2-1: Foul Ball, location: 2F
2-2: Ball
3-2: Strikes out swinging
Batting: LHB Zack Guillen 0-0: Ball
1-0: Ball
2-0: Ball
3-0: Base on Balls
Pitching: LHP Justin Hawk
Batting: RHB Henry Alvizo 0-0: Called Strike
0-1: Foul Ball, location: 2F
0-2: Ball
1-2: Foul Ball, location: 2F
1-2: Hit by Pitch
Zack Guillen to second
Batting: RHB John Boyer 0-0: Called Strike
0-1: Fly out, F7 (Flyball, 7LS, EV 89.4 MPH)
Pinch Hitting: RHB Doug D'Onofrio 0-0: Ball
1-0: Ball
2-0: Ball
3-0: Called Strike
3-1: Called Strike
3-2: Ground out 1-3 (Groundball, 34S, EV 69.4 MPH)
Bottom of the 9th over - 0 runs, 0 hits, 0 errors, 2 left on base; Danville 18 - Grand Junction 2
Thursday, March 31st , 2022 - OOTP Baseball 22.12 Build 89